 Dungeon Crawl Stone Soup version 0.23-a0-435-g79ed067 (webtiles) character file.

900 Israelsuks the Ruffian (level 7, 0/59 HPs)
             Began as a Troll Venom Mage on Nov 15, 2018.
             Slain by a black bear (3 damage)
             ... on level 6 of the Dungeon.
             The game lasted 00:08:36 (3977 turns).

Israelsuks the Ruffian (Troll Venom Mage)           Turns: 3977, Time: 00:08:37

Health: 0/59       AC:  1    Str: 17    XL:     7   Next: 79%
Magic:  8/8        EV: 10    Int: 13    God:
Gold:   400        SH:  0    Dex: 10    Spells: 6/9 levels left

rFire    . . .     SeeInvis .     - Unarmed
rCold    . . .     Gourm    +   (no shield)
rNeg     . . .     Faith    .   a - +0 robe
rPois    .         Spirit   .   (helmet restricted)
rElec    .         Reflect  .   (no cloak)
rCorr    .         Harm     .   (gloves unavailable)
MR       .....                  (boots unavailable)
Stlth    +.........             (no amulet)
HPRegen  0.59/turn              (no ring)
MPRegen  0.11/turn              (no ring)

@: corroded, hasted, studying Polearms, very quick
A: large, unfitting armour, claws 3, fast metabolism 3, gourmand, regeneration
1, shaggy fur 1, tough skin 2
a: no special abilities


You were on level 6 of the Dungeon.
You were very full.

You visited 1 branch of the dungeon, and saw 6 of its levels.

You collected 400 gold pieces.

Inventory:

Hand Weapons
 q - a +0 blowgun
 v - a +0 trident
Missiles
 g - 7 tomahawks of returning (quivered)
 r - 51 poisoned needles
 u - 3 tomahawks
 x - a throwing net
Armour
 a - a +0 robe (worn)
Jewellery
 j - an uncursed ring of fire
Wands
 k - a wand of flame (14)
Scrolls
 b - 4 scrolls of remove curse {unknown}
 e - a scroll of fear {unknown}
 f - 7 scrolls of identify {unknown}
 h - a scroll of blinking {unknown}
 i - a scroll of immolation {unknown}
 l - a scroll of teleportation {unknown}
 n - 2 scrolls of enchant armour {unknown}
 o - a scroll of fog {unknown}
 s - a scroll of enchant weapon {unknown}
 A - a scroll of amnesia {unknown}
 B - a scroll of random uselessness {unknown}
Potions
 d - a potion of degeneration {unknown}
 p - a potion of agility {unknown}
 t - 2 potions of flight {unknown}
 w - a potion of heal wounds {unknown}
Books
 y - a manual of Polearms
Comestibles
 c - 8 rations


   Skills:
 - Level 1.5 Dodging
 - Level 1.0 Stealth
 * Level 7.7 Unarmed Combat
 + Level 1.5 Spellcasting
 - Level 0.6 Conjurations
 * Level 1.0 Air Magic
 * Level 3.4 Poison Magic


You had 6 spell levels left.
You knew the following spells:

 Your Spells              Type           Power        Failure   Level  Hunger
a - Sting                 Conj/Pois      #...         12%         1    ##.....
b - Poisonous Vapours     Pois/Air       #.....       16%         2    ###....

Your spell library contained the following spells:

 Spells                   Type           Power        Failure   Level  Hunger
 Mephitic Cloud           Conj/Pois/Air  #.......     36%         3    ####...
 Olgreb's Toxic Radiance  Pois           #.......     54%         4    #####..
 Venom Bolt               Conj/Pois      #.........   97%         5    ######.


Dungeon Overview and Level Annotations

Branches:
Dungeon (6/15)             Temple (0/1) D:6

Altars:
Gozag
Nemelex Xobeh

Annotations:
D:5 exclusion: downstairs


Innate Abilities, Weirdness & Mutations

You are too large for most types of armour.
You have claws for hands.
Your metabolism is lightning-fast.
You like to eat raw meat.
Your natural rate of healing is unusually fast.
You are covered in fur. (AC +1)
You have very tough skin. (AC +2)


Message History

You are too injured to fight recklessly!
You are too injured to fight recklessly!
You are too injured to fight recklessly!
You are too injured to fight recklessly!
You are too injured to fight recklessly!
You are too injured to fight recklessly!
You barely miss the black bear.
The black bear is moderately wounded.
The black bear bites you!
* * * LOW HITPOINT WARNING * * *
The black bear claws you.
* * * LOW HITPOINT WARNING * * *
The black bear claws you.
* * * LOW HITPOINT WARNING * * *
Okay, then.
You feel yourself speed up. The black bear bites you!
* * * LOW HITPOINT WARNING * * *
The black bear claws you but does no damage.
The black bear claws you.
You die...

#.# #.#........
#.# #.$#..⌠...⌠.
#.####............
#..#.....#......?
##........##.##.#
#........>.......
#...............
#....h..........
#....@..........
#...............
##..............
#..............
##./...........
##............
###..<....###
#.?†.......
#....^..###


You could see a black bear.

Vanquished Creatures
  Menkaure (D:4)
  2 centaurs
  3 crimson imps
  2 hounds
  A jelly (D:6)
  2 orc priests (D:5)
  4 orc wizards
  Ijyb (D:3)
  2 worker ants
  A hound skeleton (D:4)
  5 adders
  A shadow imp (D:6)
  An ooze (D:4)
  A worm (D:4)
  A dart slug (D:1)
  4 leopard geckos
  20 orcs
  A ball python (D:3)
  9 bats
  5 giant cockroaches
  7 goblins
  8 hobgoblins
  4 jackals (D:2)
  10 kobolds
  A quokka (D:4)
  A ball python zombie (D:4)
  8 frilled lizards
  A leopard gecko skeleton (D:4)
  3 rats (D:1)
110 creatures vanquished.

Notes
Turn   | Place    | Note
-------+----------+-------------------------------------------
     0 | D:1      | Israelsuks the Troll Venom Mage began the quest for the
                  | Orb.
     0 | D:1      | Reached XP level 1. HP: 16/16 MP: 1/1
    77 | D:1      | Reached XP level 2. HP: 24/24 MP: 2/2
   227 | D:1      | Reached skill level 1 in Unarmed Combat
   546 | D:1      | Reached XP level 3. HP: 31/31 MP: 4/4
   916 | D:2      | Found an opulent altar of Gozag.
  1002 | D:2      | Reached skill level 2 in Unarmed Combat
  1330 | D:2      | Reached XP level 4. HP: 39/39 MP: 5/5
  2321 | D:4      | Noticed Ijyb
  2322 | D:4      | Noticed a centaur
  2336 | D:4      | Killed a centaur
  2336 | D:4      | Reached skill level 4 in Unarmed Combat
  2336 | D:4      | Reached XP level 5. HP: 40/45 MP: 6/6
  2444 | D:3      | Killed Ijyb
  2464 | D:4      | Reached XP level 6. HP: 47/53 MP: 7/7
  2471 | D:4      | Learned a level 2 spell: Poisonous Vapours
  2475 | D:4      | Noticed Menkaure
  2506 | D:4      | Reached skill level 5 in Unarmed Combat
  2598 | D:4      | Killed Menkaure
  2627 | D:4      | Reached skill level 6 in Unarmed Combat
  3048 | D:5      | Entered Level 5 of the Dungeon
  3093 | D:5      | Reached XP level 7. HP: 59/59 MP: 8/8
  3172 | D:5      | Found a sparkling altar of Nemelex Xobeh.
  3248 | D:5      | Reached skill level 7 in Unarmed Combat
  3441 | D:5      | Reached skill level 1 in Air Magic
  3771 | D:6      | Found a staircase to the Ecumenical Temple.
  3977 | D:6      | Slain by a black bear

Vault maps used:
D:1:      dpeg_arrival_stonehenge_12_columns, corexii_leaking_fountain,
          amethyst_killhole
D:2:      nicolae_gozag_cash_rules_everything_around_me
D:3:      first_ration
D:4:      minmay_manual_mandibuliform, uniq_menkaure, uniq_ijyb
D:5:      nemelex_xobeh_ov_fountains_minmay, minivault_27
D:6:      minmay_temple_entry_large_hall, gammafunk_ghost_smash

Skill      XL: |  1  2  3  4  5  6  7 |
---------------+----------------------+-----
Unarmed Combat | 1 2 4 6 7 |  7.7
Poison Magic   | 3 |  3.4
Air Magic      | 1 |  1.0
Dodging        | |  1.5
Stealth        | |  1.0
Spellcasting   | |  1.5
Conjurations   | |  0.6

Action                   |  1- 3 |  4- 6 |  7- 9 || total
-------------------------+-------+-------+-------++-------
Melee: Unarmed           |   142 |   154 |    74 ||   370
       Punch             |       |     2 |       ||     2
  Use: Potion            |       |       |     1 ||     1
 Stab: Sleeping          |     2 |     1 |     2 ||     5
       Distracted        |     1 |       |       ||     1
  Eat: Chunk             |    18 |    15 |     7 ||    40
Armor: Robe              |    73 |    48 |    12 ||   133
Dodge: Dodged            |    80 |    89 |    24 ||   193

Table legend:
 A = Non-vault XP
 B = Vault XP
 C = Vault XP percentage of total XP
 D = Non-vault monster count
 E = Vault monster count
 F = Vault count percentage of total count
                 A         B        C        D         E       F
            +---------+---------+-------+---------+---------+-------
      Total |     986 |     301 |  23.4 |     101 |       9 |   8.2
            +---------+---------+-------+---------+---------+-------
        D:1 |      41 |       0 |   0.0 |      26 |       0 |   0.0
        D:2 |      57 |       0 |   0.0 |      23 |       0 |   0.0
        D:3 |     108 |      36 |  25.0 |      16 |       1 |   5.9
        D:4 |     211 |     265 |  55.7 |      14 |       8 |  36.4
        D:5 |     499 |       0 |   0.0 |      18 |       0 |   0.0
        D:6 |      70 |       0 |   0.0 |       4 |       0 |   0.0
            +---------+---------+-------+---------+---------+-------
